 Dungeon Sprint DCSS version 0.26-a0-649-gf8c6c3aab7 (webtiles) character file.

Game seed: 7843651536008194242

10500000 sahdkjhfkaj the Axe Maniac (level 27, -37/249 HPs)
             Began as a Formicid Fighter on Sept 26, 2020.
             Was the Champion of Makhleb.
             Killed from afar by an observer (70 damage)
             ... with a fireball
             ... in the Dungeon (Sprint VIII: "Arena of Blood").
             The game lasted 00:03:24 (105 turns).

sahdkjhfkaj the Axe Maniac (Formicid Fighter)        Turns: 105, Time: 00:03:25

Health: -37/249    AC: 13    Str: 23    XL:     27
Magic:  37/54      EV: 32    Int: 10    God:    Makhleb [******]
Gold:   0          SH: 19    Dex: 19    Spells: 80/80 levels left

rFire    . . .     SeeInvis +   g - +∞ Axe of Woe
rCold    . . .     Faith    .   b - +0 kite shield
rNeg     . . .     Spirit   .   a - +0 scale mail
rPois    .         Reflect  .   (helmet unavailable)
rElec    .         Harm     .   (no cloak)
rCorr    .         Rampage  .   (no gloves)
MR       ++...                  (no boots)
Stlth    ++++++++..             (no amulet)
HPRegen  0.51/turn              (no ring)
MPRegen  0.34/turn              (no ring)

@: no status effects
A: permanent stasis, dig shafts and tunnels, four strong arms, antennae 3
a: Dig, Minor Destruction, Lesser Servant of Makhleb, Major Destruction, Greater
Servant of Makhleb, Renounce Religion


You were in the Dungeon.
You worshipped Makhleb.
Makhleb was exalted by your worship.
You visited 1 branch

Inventory:

Hand Weapons
 g - the +∞ Axe of Woe (weapon)
   (You found it in the Dungeon)
Armour
 a - a +0 scale mail (worn)
 b - a +0 kite shield (worn)
Potions
 c - a potion of might
 f - 2 potions of magic


   Skills:
 O Level 27 Fighting
 O Level 27 Axes
 O Level 27 Throwing
 O Level 27 Armour
 O Level 27 Dodging
 O Level 27 Stealth
 O Level 27 Shields
 O Level 27 Unarmed Combat
 O Level 27 Spellcasting
 O Level 27 Invocations


You had 80 spell levels left.
You didn't know any spells.
Your spell library was empty.

Dungeon Overview and Level Annotations

Branches:
Dungeon (1/1)

Altars:
Makhleb


Innate Abilities, Weirdness & Mutations

You cannot be hasted, slowed, berserked, paralysed or teleported.
You can dig through walls and to a lower floor.
Your four strong arms can wield two-handed weapons with a shield.
You have a pair of large antennae on your head. (SInv)


Message History

The eight-headed meat hydra calls on the powers of darkness!
The eight-headed meat hydra convulses!
The observer convulses!
Your body is wracked with pain!
* * * LOW HITPOINT WARNING * * *
The observer gazes at you. Something smites you!
* * * LOW HITPOINT WARNING * * *
You hear a shout! x3
Unknown command.
Unknown command.
Unknown command.
Unknown command.
Unknown command.
Unknown command.
You extend your mandibles.
You dig through the rock wall.
You hear a shout! x2
The tyrant mumbles some strange words.
The observer gazes at you.
The fireball explodes!
The fireball engulfs you!!!
You die...

.........#...
................#
.........#......#
................#
.........##.....#
............D...#
.....)).###.....#
..))))))).G.)...##
..))#)#.)XL)....@#
)))))..))).X.).=##
.))#)#.#.....§§.#
...............§#
....#.#.#..#...§#
..........#.....#
..{........#....#
..........#.....#
..........


You could see a tyrant (fast), an eight-headed meat hydra, an observer (fast,
invisible) and 2 large abominations.

Vanquished Creatures
  8 hell beasts (D)
  2 greater mummies (D)
  6 wraiths (D)
  10 vampire knights (D)
  32 ogres (D)
  3 two-headed ogres (D)
  2 liches (D)
  A hydra (D)
  60 orcs (D)
  4 phantoms (D)
  5 skeletal warriors (D)
  10 large abominations (D)
  3 small abominations (D)
  8 crawling corpses (D)
154 creatures vanquished.

Vanquished Creatures (others)
  3 two-headed ogres (D)
  7 orcs (D)
  A crawling corpse (D)
11 creatures vanquished.

Grand Total: 165 creatures vanquished

Notes
Turn   | Place    | Note
-------+----------+-------------------------------------------
     0 | D        | Found the +∞ Axe of Woe
     0 | D        | sahdkjhfkaj the Formicid Fighter began the quest for the
                  | Orb.
     0 | D        | Reached XP level 1. HP: 18/18 MP: 1/1
     1 | D        | Noticed a bag of meat
     2 | D        | Noticed a bag of meat
     3 | D        | Became a worshipper of Makhleb the Destroyer
     4 | D        | Noticed a bag of meat
     4 | D        | Noticed a meat berserker
     4 | D        | Noticed a meat berserker
     5 | D        | Killed a bag of meat
     5 | D        | Reached XP level 2. HP: 24/24 MP: 2/2
     5 | D        | Reached XP level 3. HP: 29/29 MP: 3/3
     5 | D        | Reached XP level 4. HP: 35/35 MP: 4/4
     5 | D        | Reached XP level 5. HP: 41/41 MP: 5/5
     5 | D        | Reached XP level 6. HP: 47/47 MP: 6/6
     5 | D        | Reached XP level 7. HP: 52/52 MP: 7/7
     5 | D        | Reached XP level 8. HP: 58/58 MP: 8/8
     5 | D        | Reached XP level 9. HP: 64/64 MP: 9/9
     5 | D        | Reached XP level 10. HP: 70/70 MP: 10/10
     5 | D        | Reached XP level 11. HP: 75/75 MP: 11/11
     5 | D        | Reached XP level 12. HP: 81/81 MP: 12/12
     5 | D        | Noticed a meat berserker
     5 | D        | Noticed a bag of meat
     7 | D        | Killed a meat berserker
     7 | D        | Reached * piety under Makhleb
     7 | D        | Reached skill level 27 in Axes
     7 | D        | Reached XP level 13. HP: 101/101 MP: 12/24
     7 | D        | Reached XP level 14. HP: 108/108 MP: 12/25
     8 | D        | Killed a bag of meat
     8 | D        | Reached skill level 10 in Fighting
     8 | D        | Reached skill level 10 in Armour
     8 | D        | Reached skill level 10 in Invocations
     8 | D        | Reached XP level 15. HP: 117/117 MP: 12/28
     8 | D        | Noticed a meat berserker
     8 | D        | Noticed a meat berserker
    10 | D        | Killed a meat berserker
    10 | D        | Reached skill level 10 in Dodging
    10 | D        | Reached XP level 16. HP: 129/129 MP: 12/31
    10 | D        | Killed a meat berserker
    10 | D        | Reached ** piety under Makhleb
    10 | D        | Reached skill level 15 in Shields
    10 | D        | Reached skill level 15 in Invocations
    10 | D        | Noticed a meat berserker
    11 | D        | Noticed a meat berserker
    13 | D        | Killed a meat berserker
    13 | D        | Reached XP level 17. HP: 144/144 MP: 13/35
    13 | D        | Reached skill level 15 in Throwing
    13 | D        | Reached skill level 15 in Unarmed Combat
    13 | D        | Reached skill level 15 in Spellcasting
    13 | D        | Reached XP level 18. HP: 153/153 MP: 13/37
    13 | D        | Reached *** piety under Makhleb
    13 | D        | Noticed a meat berserker
    14 | D        | Noticed a meat berserker
    15 | D        | Noticed a meat berserker
    15 | D        | Noticed a meat berserker
    16 | D        | Noticed a destroyer
    17 | D        | Killed a meat berserker
    17 | D        | Reached skill level 15 in Dodging
    17 | D        | Reached XP level 19. HP: 165/165 MP: 14/40
    17 | D        | Killed a meat berserker
    17 | D        | Reached **** piety under Makhleb
    17 | D        | Noticed a meat berserker
    17 | D        | Noticed a meat berserker
    19 | D        | Killed a meat berserker
    19 | D        | Reached XP level 20. HP: 180/180 MP: 14/43
    19 | D        | Noticed a large bag of meat
    20 | D        | Noticed a meat berserker
    20 | D        | Killed a meat berserker
    20 | D        | Reached XP level 21. HP: 190/190 MP: 14/45
    20 | D        | Killed a destroyer
    20 | D        | Reached ***** piety under Makhleb
    20 | D        | Noticed a meat berserker
    20 | D        | Noticed a meat berserker
    21 | D        | Killed a meat berserker
    21 | D        | Reached skill level 27 in Stealth
    21 | D        | Reached XP level 22. HP: 203/203 MP: 14/48
    22 | D        | Killed a meat berserker
    22 | D        | Killed a meat berserker
    22 | D        | Reached skill level 27 in Shields
    22 | D        | Reached skill level 27 in Invocations
    22 | D        | Reached XP level 23. HP: 217/217 MP: 15/51
    23 | D        | Reached skill level 27 in Fighting
    23 | D        | Reached skill level 27 in Armour
    24 | D        | Noticed a large bag of meat
    25 | D        | Reached ****** piety under Makhleb
    25 | D        | Reached skill level 27 in Throwing
    25 | D        | Reached skill level 27 in Unarmed Combat
    25 | D        | Reached skill level 27 in Spellcasting
    25 | D        | Reached skill level 27 in Dodging
    25 | D        | Reached XP level 24. HP: 227/227 MP: 15/54
    27 | D        | Killed a large bag of meat
    27 | D        | Reached XP level 25. HP: 234/234 MP: 16/54
    28 | D        | Reached XP level 26. HP: 242/242 MP: 16/54
    31 | D        | Killed a large bag of meat
    31 | D        | Reached XP level 27. HP: 249/249 MP: 17/54
    32 | D        | Noticed a destroyer
    33 | D        | Noticed a destroyer
    37 | D        | Noticed a large bag of meat
    39 | D        | Noticed a destroyer
    40 | D        | Noticed a destroyer
    40 | D        | Noticed a destroyer
    41 | D        | Noticed a destroyer
    43 | D        | Killed a destroyer
    44 | D        | Killed a destroyer
    45 | D        | Killed a destroyer
    47 | D        | Noticed a destroyer
    48 | D        | Killed a large bag of meat
    50 | D        | Killed a large bag of meat
    50 | D        | Noticed a destroyer
    51 | D        | Noticed an accursed
    52 | D        | Noticed an accursed
    53 | D        | HP: 11/249 [destroyer/+9 vorpal great sword (6)]
    53 | D        | HP: 2/249 [accursed/divine providence (9)]
    54 | D        | Killed a destroyer
    54 | D        | Noticed a destroyer
    54 | D        | Killed a large bag of meat
    54 | D        | Killed a large bag of meat
    55 | D        | Killed a destroyer
    56 | D        | Killed a destroyer
    57 | D        | Killed a destroyer
    58 | D        | Killed an accursed
    60 | D        | Killed an accursed
    61 | D        | Noticed a dread
    61 | D        | Noticed a meat beast
    62 | D        | Killed a destroyer
    63 | D        | Noticed a dread
    64 | D        | Noticed a dread
    64 | D        | Noticed a meat beast
    65 | D        | Killed a meat beast
    68 | D        | Killed a meat beast
    68 | D        | Noticed a meat beast
    69 | D        | Noticed a dread
    70 | D        | Noticed a meat beast
    70 | D        | Killed a meat beast
    71 | D        | Noticed a dread
    71 | D        | Killed a destroyer
    71 | D        | Killed a dread
    71 | D        | Noticed a tyrant
    72 | D        | Killed a dread
    74 | D        | Killed a dread
    75 | D        | Noticed a dread
    76 | D        | Killed a meat beast
    77 | D        | Noticed a meat beast
    78 | D        | Noticed a meat beast
    80 | D        | Killed a meat beast
    81 | D        | Killed a meat beast
    85 | D        | Killed a tyrant
    85 | D        | Noticed a meat beast
    86 | D        | Noticed a meat beast
    87 | D        | HP: 10/249 [dread/damnation (34)]
    89 | D        | Killed a dread
    90 | D        | Killed a meat beast
    91 | D        | Killed a meat beast
    92 | D        | Killed a dread
    93 | D        | Noticed a tyrant
    97 | D        | Killed a dread
   102 | D        | Noticed a tyrant
   104 | D        | Killed a tyrant
   105 | D        | Killed from afar by an observer

Illustrated notes

Levels and vault maps discovered:
D:        meatsprint

Skill      XL: |  1  2  3  4  5  6  7  8  9 10 11 12 13 14 15 16 17 18 19 20 21 22 23 |
---------------+----------------------------------------------------------------------+-----
Axes           | 25 27 | 27.0
Fighting       | 9 10 12 16 18 21 22 24 26 27 | 27.0
Throwing       | 7 9 11 14 15 17 19 20 22 24 27 | 27.0
Armour         | 8 10 12 16 18 21 22 24 26 27 | 27.0
Dodging        | 6 8 10 13 14 15 18 19 21 22 27 | 27.0
Stealth        | 9 11 14 18 19 21 24 25 27 | 27.0
Shields        | 9 11 13 17 18 20 22 24 26 27 | 27.0
Unarmed Combat | 7 9 11 14 15 17 19 20 22 24 27 | 27.0
Spellcasting   | 7 9 11 14 15 17 19 20 22 24 27 | 27.0
Invocations    | 9 10 13 17 19 22 23 25 27 | 27.0

Action                   |  1- 3 |  4- 6 |  7- 9 | 10-12 | 13-15 | 16-18 | 19-21 | 22-24 | 25-27 || total
-------------------------+-------+-------+-------+-------+-------+-------+-------+-------+-------++-------
Melee: Executioner's axe |     1 |       |       |     1 |     2 |     2 |     3 |     5 |    59 ||    73
 Abil: Dig               |     1 |       |       |       |       |       |       |       |     1 ||     2
  Use: Potion            |       |       |       |       |       |       |       |       |     2 ||     2
Armor: Scale mail        |       |       |       |       |       |       |       |       |     1 ||     1
Dodge: Dodged            |     1 |       |       |       |       |     1 |       |       |     7 ||     9
Block: Kite shield       |       |       |       |       |       |       |       |       |     7 ||     7

Table legend: (Time is in decaauts)
 A = Elapsed time spent in this place.
 B = Non-inter-level travel time spent in this place.
 C = Inter-level travel time spent in this place.
 D = Time resting spent in this place.
 E = Time spent auto-exploring this place.
 F = Levels seen in this place.
 G = Mean time per level.
                   A        B        C        D        E       F      G
               +--------+--------+--------+--------+--------+-----+--------+
         Total |     84 |     84 |      0 |      0 |      0 |   1 |   84.0 |
       Dungeon |     84 |     84 |      0 |      0 |      0 |   1 |   84.0 |
               +--------+--------+--------+--------+--------+-----+--------+

Top non-repeatable levels by time:
       D: 84 daAuts
